 Dungeon Crawl Stone Soup version 0.31-a0-1405-g2bb1a01664 (webtiles) character file.

Game seed: 4974091419115932817

1534 kae the Sneak (level 8, -4/60 HPs)
             Began as a Demonspawn Enchanter on Dec 25, 2023.
             Slain by a gnoll sergeant
             ... wielding a +4 spear
              (9 damage)
             ... on level 5 of the Dungeon.
             The game lasted 00:04:32 (4995 turns).

kae the Sneak (Demonspawn Enchanter)                Turns: 4995, Time: 00:04:33

Health: -4/60      AC:  3    Str:  7    XL:     8   Next: 55%
Magic:  8/13       EV: 32    Int: 16    God:
Gold:   263        SH:  0    Dex: 17    Spells: 3/14 levels left

rFire   . . .        d - +2 dagger (elec)
rCold   + . .        (no shield)
rNeg    . . .        b - +0 robe
rPois   .            s - +0 helmet
rElec   .            (no cloak)
rCorr   +            (no gloves)
SInv    .            (no boots)
Will    ++...        i - amulet of Tomorrow {Acrobat rC+ Will+ Str-2 Dex+2}
Stlth   +++          R - ring of resist corrosion
HPRegen 0.30/turn    m - ring of willpower
MPRegen 0.13/turn

%: acrobat
@: agile, acrobatic
A: powered by pain 1, spiny 1, weakness stinger 2
a: no special abilities


You were on level 5 of the Dungeon.
You visited 1 branch of the dungeon, and saw 5 of its levels.
You also visited: Sewer.

You collected 263 gold pieces.


Innate Abilities, Weirdness & Mutations

You sometimes gain a little power by taking damage.
You are partially covered in sharp spines.
You have a tail ending in a sharp stinger.


   Skills:
 + Level 3.6 Fighting
 * Level 4.9 Short Blades
 - Level 1.7 Dodging
 * Level 5.9 Stealth
 + Level 3.9 Spellcasting
 + Level 4.7 Hexes
 + Level 3.0 Ice Magic


You had 3 spell levels left.
You knew the following spells:

 Your Spells              Type           Power      Damage    Failure   Level
a - Ensorcelled Hibernat  Hex/Ice        30%        N/A       5%          2
b - Confusing Touch       Hex            18%        N/A       7%          3
c - Tukima's Dance        Hex            18%        N/A       7%          3
d - Dazzling Flash        Conj/Hex       20%        N/A       19%         3

Your spell library contained the following spells:

 Spells                   Type           Power      Damage    Failure   Level
 Sigil of Binding         Hex            18%        N/A       7%          3
 Frozen Ramparts          Ice            24%        1d4       14%         3
 Call Canine Familiar     Summ           3%         N/A       45%         3
 Dimensional Bullseye     Hex/Tloc       5%         N/A       54%         4
 Metabolic Englaciation   Hex/Ice        7%         N/A       67%         5
 Leda's Liquefaction      Alch/Erth      1%         N/A       86%         4
 Petrify                  Alch/Erth      3%         N/A       86%         4

Inventory:

Hand Weapons
 a - a +1 dagger
 d - a +2 dagger of electrocution (weapon)
   (You found it on level 1 of the Dungeon)
Missiles
 e - 25 stones
Armour
 b - a +0 robe (worn)
 s - a +0 helmet (worn)
   (You found it on level 3 of the Dungeon)
Jewellery
 c - a ring of ice
   (You found it on level 4 of the Dungeon)
 i - the amulet of Tomorrow (around neck) {Acrobat rC+ Will+ Str-2 Dex+2}
   (You acquired it on level 2 of the Dungeon)

   [amulet of the acrobat]

   Acrobat:   It increases your evasion while moving and waiting.
   Str-2:     It affects your strength (-2).
   Dex+2:     It affects your dexterity (+2).
   rC+:       It protects you from cold.
   Will+:     It increases your willpower.
 l - an amulet of magic regeneration
   (You found it on level 2 of the Dungeon)
 m - a ring of willpower (right hand)
   (You found it in a sewer)
 y - a ring of protection from cold
   (You found it on level 4 of the Dungeon)
 C - a ring of ice
   (You took it off a goblin on level 2 of the Dungeon)
 R - a ring of resist corrosion (left hand)
   (You found it on level 1 of the Dungeon)
Wands
 r - a wand of charming (4)
   (You found it on level 3 of the Dungeon)
Scrolls
 f - 5 scrolls of noise {!r}
 h - a scroll of identify {@r1}
 j - 2 scrolls of teleportation {@r4}
 t - 2 scrolls of fog
 u - 2 scrolls of blinking {!r}
 z - a scroll of revelation
Potions
 g - 4 potions of enlightenment
 k - 2 potions of curing {@q1}
 n - a potion of heal wounds {@q2}
 p - a potion of mutation {!q}
 q - 2 potions of lignification {unknown}
 v - 2 potions of invisibility
 w - 2 potions of magic
 x - a potion of haste {@q3}

Dungeon Overview and Level Annotations

Branches:
Dungeon (5/15) Zot: 25559   Sewer (visited)
 Temple: D:4-7

Altars:
Ashenzari
Dithmenos
Sif Muna

Shops:
D:1 ? D:4

( #
#....'.....)[...B.g~~~~P~###~.♣
###.####...........g#))P~~.#~~.~♣
.##.#..........######gP~♣~~.~~~♣♣
g.#.#.########.# ###...~~♣~~~~~♣♣
#@#.#.#... ..#)###...##~.~♣♣~♣♣≈~
#.....#.# #.#.#...####.~~~~♣≈≈~~
###.....# #.#.#g######..~~≈♣♣♣~P
#.#.g.# #.#...........~~♣≈~~~~
#.#..g# #.###@########~~~~~P~~
#.#.#.# #..<........# ~.~~P~
#.#.#.####..########.#


#P~PPP #.#.#............... #.... #.#.#.#..########### #.#....>.... ###########
You could see a gnoll sergeant (swift).


Message History

You take 8 damage, and now have 51/59 hp.
A nearby plant withers and dies.
The gnoll is struck by your spines. The gnoll completely misses you.
The gnoll misses you.
Things that are here:
a +0 halberd; a gnoll corpse You barely miss the gnoll.
The gnoll hits you with a +0 whip. 😕 HP[-5]
You take 5 damage, and now have 46/59 hp.
There are monsters nearby!
You barely miss the gnoll. The gnoll hits you with a +0 whip.
Your unstable footing causes you to fumble your attack.
The gnoll bouda shouts!
The gnoll shouts!
The gnoll bouda gazes fiercely through you!
You feel your attacks grow feeble. 😕 HP[-1]
You take 1 damage, and now have 45/59 hp.
The gnoll completely misses you. The gnoll hits you with a +0 whip!
The gnoll hits the plant with a +0 flail!
The plant begins to die. 😮 HP[-7]
You take 7 damage, and now have 38/59 hp.
You are too injured to fight recklessly!
You are too injured to fight recklessly!
You are too injured to fight recklessly!
You are too injured to fight recklessly!
You hit the gnoll. Lightning courses through the gnoll!
You kill the gnoll!
Unknown command.
You barely miss the gnoll. You hit the gnoll.
Your tail-slap misses the gnoll.
The gnoll is struck by your spines. The gnoll barely misses you.
You hit the gnoll. Lightning courses through the gnoll!
You kill the gnoll! 😮 HP[+1]
You now have 60 max hp (+1).
A nearby plant withers and dies.
The gnoll sergeant completely misses you.
The gnoll completely misses you.
Things that are here:
a +0 flail; a +0 whip; a gnoll corpse You hit the gnoll bouda but do no damage.
Your attacks no longer feel as feeble.
The gnoll bouda is struck by your spines.
The gnoll bouda hits you with a +0 whip!
* * * LOW HITPOINT WARNING * * *
The gnoll sergeant hits you from afar with a +4 spear!
* * * LOW HITPOINT WARNING * * *
You focus on the pain.
You feel agile all of a sudden. The gnoll barely misses you. 😨 HP[-21]
You take 21 damage, and now have 18/60 hp.
MASSIVE DAMAGE!! (PAUSE)
Casting: Confusing Touch (dangerous; 7% risk of failure)
Confirm with . or Enter, or press ? or * to list all spells.
Aiming: Ensorcelled Hibernation (safe; 5% risk of failure)
Press: ? - help, Shift-Dir - straight line, f - gnoll bouda
Aim: a gnoll bouda, wielding a +0 whip and wearing a +0 leather armour (lightly wounded, chance to affect: 49%)
The gnoll bouda resists with some effort.
The gnoll bouda barks out a call to the hunt!
The gnolls pick up the pace!
The gnoll sergeant hits you from afar with a +4 spear.
* * * LOW HITPOINT WARNING * * *
The gnoll misses you. 😱 HP[-5] MP[-2]
You take 5 damage, and now have 13/60 hp.
You lost 2 mp, and now have 11/13 mp.
Unknown command.
Casting: Ensorcelled Hibernation (safe; 5% risk of failure)
Confirm with . or Enter, or press ? or * to list all spells.
Aiming: Ensorcelled Hibernation (safe; 5% risk of failure)
Press: ? - help, Shift-Dir - straight line, f/p - gnoll bouda
Aim: a gnoll bouda, wielding a +0 whip and wearing a +0 leather armour (lightly wounded, chance to affect: 49%)
The gnoll bouda resists with some effort.
The gnoll bouda closely misses you.
The gnoll sergeant hits you from afar with a +4 spear.
* * * LOW HITPOINT WARNING * * *
The gnoll hits you from afar with a +0 spear.
* * * LOW HITPOINT WARNING * * *
😱 HP[-11] MP[-2]
You take 11 damage, and now have 2/60 hp.
You lost 2 mp, and now have 9/13 mp.
Unknown command.
Casting: Ensorcelled Hibernation (safe; 5% risk of failure)
Confirm with . or Enter, or press ? or * to list all spells.
Aiming: Ensorcelled Hibernation (safe; 5% risk of failure)
Press: ? - help, Shift-Dir - straight line, f/p - gnoll bouda
Aim: a gnoll bouda, wielding a +0 whip and wearing a +0 leather armour (lightly wounded, chance to affect: 49%)
The gnoll bouda looks drowsy...
The gnoll sergeant barely misses you.
The gnoll hits you but does no damage. 😱 HP[+1] MP[-2]
You lost 2 mp, and now have 7/13 mp.
Unknown command.
The gnoll bouda shouts! 😱 HP[+1] MP[+1]
The gnoll sergeant completely misses you. 😱 HP[+1]
The gnoll sergeant attacks as it pursues you!
The gnoll sergeant hits you from afar with a +4 spear!
You die...

Skill      XL: |  1  2  3  4  5  6  7  8 |
---------------+-------------------------+-----
Short Blades   | 1 2 3 4 |  4.9
Stealth        | 3 4 5 |  5.9
Fighting       | 1 2 3 |  3.6
Ice Magic      | 1 2 3 |  3.0
Spellcasting   | 3 |  3.9
Hexes          | 4 |  4.7
Dodging        | |  1.7

Action                     |  1- 3 |  4- 6 |  7- 9 || total
---------------------------+-------+-------+-------++-------
  Melee: Dagger            |    97 |    82 |    75 ||   254
         Tailslap          |       |     4 |     6 ||    10
         Punch             |       |       |     2 ||     2
   Cast: Ensorcelled Hiber |     2 |     8 |    16 ||    26
         Confusing Touch   |       |       |     3 ||     3
    Use: Scroll            |     7 |     7 |       ||    14
   Stab: Sleeping          |    11 |    13 |     8 ||    32
         Confused          |       |       |     2 ||     2
 Armour: Robe              |    27 |    25 |    46 ||    98
  Dodge: Dodged            |    46 |    44 |    59 ||   149

Levels and vault maps discovered:
D:1:      spicycebolla_arrival_ecumenical, layout_loops_corners, serial_shops,
          shop_scrolls
D:2:      layout_basic, serial_rivers, chequers_serial_rivers_small_3,
          chequers_serial_rivers_micro_a, chequers_serial_rivers_micro_c,
          chequers_serial_rivers_room_a, basic_altar, uniq_robin
D:3:      layout_loops_cross, mainiacjoe_overflow_paths,
          mainiacjoe_sewer_entry_somewhere_in_here_2
D:4:      layout_rooms, nicolae_ashenzari_skybound, serial_shops,
          kennysheep_mini_moat
D:5:      layout_basic, serial_bayou_lagoon_a, uniq_edmund

Notes
Turn   | Place    | Note
-------+----------+-------------------------------------------
     0 | D:1      | kae the Demonspawn Enchanter began the quest for the Orb.
     0 | D:1      | Reached XP level 1. HP: 13/13 MP: 3/3
     0 | D:1      | magus.rc [v1.11.3]
    66 | D:1      | Reached skill level 1 in Short Blades
   256 | D:1      | Gained mutation: You are partially covered in sharp spines.
                  | [demonic ancestry]
   256 | D:1      | Reached XP level 2. HP: 15/20 MP: 5/5
   259 | D:1      | Learned a level 2 spell: Ensorcelled Hibernation
   346 | D:1      | Found Noagh's Magic Scroll Boutique.
   386 | D:1      | You pick up a book of Sloth and begin reading...
   386 | D:1      | You add the spells Frozen Ramparts, Leda's Liquefaction,
                  | Petrify and Metabolic Englaciation to your library.
   466 | D:1      | You pick up a book of the Hunter and begin reading...
   466 | D:1      | You add the spells Sigil of Binding, Call Canine Familiar
                  | and Dimensional Bullseye to your library.
   716 | D:1      | Reached skill level 3 in Stealth
   955 | D:2      | Identified a scroll of acquirement
   955 | D:2      | Acquired the amulet of Tomorrow {Acrobat rC+ Will+ Str-2
                  | Dex+2}
  1013 | D:2      | Found a shadowy altar of Dithmenos.
  1128 | D:2      | Identified the +1 robe of Decompression {rElec}
  1140 | D:2      | Gained mutation: You sometimes gain a little power by
                  | taking damage. [demonic ancestry]
  1140 | D:2      | Reached XP level 3. HP: 25/25 MP: 6/6
  1200 | D:2      | Noticed Robin
  1212 | D:2      | Reached skill level 1 in Fighting
  1328 | D:2      | Killed Robin
  1329 | D:2      | Reached skill level 2 in Short Blades
  1967 | D:3      | Found a glowing drain.
  1981 | D:3      | Reached XP level 4. HP: 31/32 MP: 7/7
  1995 | Sewer    | Entered a sewer
  2265 | Sewer    | Reached skill level 1 in Ice Magic
  2280 | Sewer    | Noticed a crocodile
  2286 | Sewer    | Killed a crocodile
  2287 | Sewer    | Reached XP level 5. HP: 38/38 MP: 8/8
  2357 | Sewer    | Noticed a crocodile
  2367 | Sewer    | Killed a crocodile
  2368 | Sewer    | Reached skill level 2 in Fighting
  2368 | Sewer    | Reached skill level 3 in Short Blades
  2368 | Sewer    | Reached skill level 4 in Stealth
  2368 | Sewer    | Gained mutation: You have a small tail. [demonic ancestry]
  2368 | Sewer    | Reached XP level 6. HP: 35/44 MP: 7/10
  2760 | D:3      | Identified the +4 quarterstaff "Efek" {antimagic, Fly rC++}
  2878 | D:3      | Found a shimmering blue altar of Sif Muna.
  3442 | D:4      | Reached skill level 3 in Spellcasting
  3494 | D:4      | Found a broken altar of Ashenzari.
  3664 | D:4      | Found Plog's Weapon Boutique.
  3735 | D:5      | Entered Level 5 of the Dungeon
  3749 | D:5      | Noticed a yak
  3860 | D:5      | Noticed a yak
  3864 | D:5      | Noticed a yak
  3865 | D:5      | Noticed a yak
  3893 | D:4      | Killed a yak
  3894 | D:4      | Reached skill level 4 in Hexes
  3894 | D:4      | Reached skill level 2 in Ice Magic
  3894 | D:4      | Reached XP level 7. HP: 32/51 MP: 4/11
  3965 | D:4      | Killed a yak
  3968 | D:4      | Killed a yak
  3969 | D:4      | Reached skill level 3 in Fighting
  3969 | D:4      | Reached skill level 4 in Short Blades
  3969 | D:4      | Reached skill level 5 in Stealth
  4008 | D:5      | Killed a yak
  4009 | D:5      | Gained mutation: You have a tail ending in a sharp stinger.
                  | [demonic ancestry]
  4009 | D:5      | Reached XP level 8. HP: 58/58 MP: 6/13
  4086 | D:4      | Learned a level 3 spell: Confusing Touch
  4090 | D:4      | Learned a level 3 spell: Tukima's Dance
  4094 | D:4      | Learned a level 3 spell: Dazzling Flash
  4161 | D:5      | HP: 9/58 [gnoll/+0 halberd[a gnoll bouda] (11)]
  4361 | D:5      | Noticed Edmund
  4698 | D:5      | Identified the +4 dagger of Immeon {pain, Stlth+}
  4782 | D:5      | HP: 9/58 [Edmund/+2 dire flail of holy wrath (20)]
  4785 | D:5      | Killed Edmund
  4786 | D:5      | Reached skill level 3 in Ice Magic
  4985 | D:5      | HP: 13/60 [gnoll sergeant/+4 spear (5)]
  4986 | D:5      | HP: 2/60 [gnoll/+0 spear[a gnoll sergeant] (5)]
  4995 | D:5      | Slain by a gnoll sergeant

Vanquished Creatures
  4 yaks
  Edmund (D:5)
  A sky beast (D:5)
  2 crocodiles (Sewer)
  2 phantoms
  An orc priest (D:5)
  A gnoll bouda (D:5)
  An iguana (D:5)
  An orc wizard (D:5)
  A sickly merfolk siren (Sewer)
  A malarious merfolk avatar (Sewer)
  Robin (D:2)
  5 adders
  12 gnolls
  2 river rats
  A dart slug (D:2)
  4 orcs
  4 endoplasms
  10 giant cockroaches
  13 goblins
  9 hobgoblins
  4 quokkas
  11 ball pythons
  3 bats
  11 frilled lizards
  8 kobolds
  8 rats
122 creatures vanquished.

Table legend:
 A = Non-vault XP
 B = Vault XP
 C = Vault XP percentage of total XP
 D = Non-vault monster count
 E = Vault monster count
 F = Vault count percentage of total count
                 A         B        C        D         E       F
            +---------+---------+-------+---------+---------+-------
      Total |    1599 |     593 |  27.1 |      79 |      43 |  35.2
            +---------+---------+-------+---------+---------+-------
        D:1 |      32 |       0 |   0.0 |      23 |       0 |   0.0
        D:2 |      25 |      34 |  57.6 |      13 |      12 |  48.0
        D:3 |      19 |      23 |  54.8 |      10 |       7 |  41.2
        D:4 |     799 |       0 |   0.0 |      14 |       0 |   0.0
        D:5 |     724 |     176 |  19.6 |      19 |       1 |   5.0
      Sewer |       0 |     360 | 100.0 |       0 |      23 | 100.0
            +---------+---------+-------+---------+---------+-------

Skill      XL: |  1  2  3  4  5  6  7  8 |
---------------+-------------------------+-----
Short Blades   | 1 2 3 4 |  4.9
Stealth        | 3 4 5 |  5.9
Fighting       | 1 2 3 |  3.6
Ice Magic      | 1 2 3 |  3.0
Spellcasting   | 3 |  3.9
Hexes          | 4 |  4.7
Dodging        | |  1.7

Action                     |  1- 3 |  4- 6 |  7- 9 || total
---------------------------+-------+-------+-------++-------
  Melee: Dagger            |    97 |    82 |    75 ||   254
         Tailslap          |       |     4 |     6 ||    10
         Punch             |       |       |     2 ||     2
   Cast: Ensorcelled Hiber |     2 |     8 |    16 ||    26
         Confusing Touch   |       |       |     3 ||     3
    Use: Scroll            |     7 |     7 |       ||    14
   Stab: Sleeping          |    11 |    13 |     8 ||    32
         Confused          |       |       |     2 ||     2
 Armour: Robe              |    27 |    25 |    46 ||    98
  Dodge: Dodged            |    46 |    44 |    59 ||   149

Illustrated notes

Table legend:
 A = Kills in this place as a percentage of kills in the entire game.
 B = Kills by you in this place as a percentage of kills by you in the entire game.
 C = Kills by friends in this place as a percentage of kills by friends in the entire game.
 D = Other kills in this place as a percentage of other kills in the entire game.
 E = Experience gained in this place as a percentage of experience gained in the entire game.
 F = Experience gained in this place divided by the number of levels of this place that you have seen.
                   A       B       C       D       E      F
               +-------+-------+-------+-------+-------+----------------------
         Total | 100.0 | 100.0 |   N/A |   N/A | 100.0 | 365.3
       Dungeon |  81.1 |  81.1 |   N/A |   N/A |  83.6 | 366.4
         Sewer |  18.9 |  18.9 |   N/A |   N/A |  16.4 | 360.0
               +-------+-------+-------+-------+-------+----------------------

Table legend: (Time is in decaauts)
 A = Elapsed time spent in this place.
 B = Non-inter-level travel time spent in this place.
 C = Inter-level travel time spent in this place.
 D = Time resting spent in this place.
 E = Time spent auto-exploring this place.
 F = Levels seen in this place.
 G = Mean time per level.
                   A        B        C        D        E       F      G
               +--------+--------+--------+--------+--------+-----+--------+
         Total |   5038 |   4883 |    155 |    666 |   3299 |   6 |  839.7 |
       Dungeon |   4439 |   4284 |    155 |    633 |   2923 |   5 |  887.8 |
         Sewer |    598 |    598 |      0 |     33 |    375 |   1 |  598.0 |
               +--------+--------+--------+--------+--------+-----+--------+

Top non-repeatable levels by time:
     D:5: 1015 daAuts
     D:2: 1008 daAuts
     D:1: 948 daAuts
     D:4: 875 daAuts
   Sewer: 598 daAuts
     D:3: 591 daAuts
